TOP OF THE 1ST |
Bluefield Blue Jays batting - Pitching for Pulaski Yankees : RHP Toshikazu Miyahara
|
Pitching: RHP Toshikazu Miyahara
|
|
Batting: RHB Benedikt Fleischmann
|
0-0: Foul Ball, location: 2F 0-1: Ball 1-1: Ground out 1-3 (Groundball, P, EV 71.2 MPH)
|
Batting: RHB Chad Colyer
|
0-0: Called Strike 0-1: SOLO HOME RUN (Flyball, 7D, EV 100.6 MPH), Distance : 388 ft
|
Batting: RHB Lao-che Zhu
|
0-0: Ball 1-0: Ball 2-0: Ball 3-0: Base on Balls
|
Batting: RHB Brandon Williams
|
0-0: Ball Lao-che Zhu steals 2nd, throwing error, E2 Lao-che Zhu to third 1-0: Ball 2-0: Called Strike 2-1: Ball 3-1: Swinging Strike 3-2: Reached on error, E5 (Groundball, 56S, EV 74.4 MPH) Lao-che Zhu scores
|
Batting: RHB Mike Vaughan
|
0-0: Called Strike 0-1: Foul Ball, location: 2F 0-2: Strikes out swinging
|
Batting: LHB Edwin Esparza
|
0-0: Ball 1-0: Called Strike 1-1: Called Strike 1-2: Foul Ball, location: 2F 1-2: Strikes out swinging
|
Top of the 1st over - 2 runs, 1 hit, 2 errors, 1 left on base; Bluefield 2 - Pulaski 0 |
BOTTOM OF THE 1ST |
Pulaski Yankees batting - Pitching for Bluefield Blue Jays : RHP Shalom Diender
|
Pitching: RHP Shalom Diender
|
|
Batting: LHB Dave Ortiz
|
0-0: Foul Ball, location: 2F 0-1: Ball 1-1: Called Strike 1-2: Fly out, F7 (Line Drive, 7, EV 104.4 MPH)
|
Batting: RHB Ken Stair
|
0-0: Ball 1-0: Foul Ball, location: 2F 1-1: Ball 2-1: Foul Ball, location: 2F 2-2: Ground out 1-3 (Groundball, 15S, EV 71.9 MPH)
|
Batting: RHB Paul Ngumi
|
0-0: Foul Ball, location: 2F 0-1: Foul Ball, location: 2F 0-2: Strikes out swinging
|
Bottom of the 1st over - 0 runs, 0 hits, 0 errors, 0 left on base; Bluefield 2 - Pulaski 0 |
TOP OF THE 2ND |
Bluefield Blue Jays batting - Pitching for Pulaski Yankees : RHP Toshikazu Miyahara
|
Batting: RHB Mel Bohorquez
|
0-0: Foul Ball, location: 2F 0-1: Ground out 5-3 (Groundball, 5, EV 81.9 MPH)
|
Batting: RHB Cedric Nicholls
|
0-0: Ball 1-0: Called Strike 1-1: Ball 2-1: Ball 3-1: Foul Ball, location: 2F 3-2: Strikes out swinging
|
Batting: RHB Joy-shan Li
|
0-0: Foul Ball, location: 2F 0-1: Swinging Strike 0-2: Ball 1-2: Ball 2-2: Ball 3-2: Foul Ball, location: 2F 3-2: Foul Ball, location: 2F 3-2: Foul Ball, location: 2F 3-2: SINGLE (Groundball, 4MD, EV 98.8 MPH) (infield hit)
|
Batting: RHB Benedikt Fleischmann
|
0-0: Ball 1-0: Swinging Strike 1-1: Foul Ball, location: 2F 1-2: Ball 2-2: Ball 3-2: Ground out 6-3 (Groundball, 6, EV 100.6 MPH)
|
Top of the 2nd over - 0 runs, 1 hit, 0 errors, 1 left on base; Bluefield 2 - Pulaski 0 |
BOTTOM OF THE 2ND |
Pulaski Yankees batting - Pitching for Bluefield Blue Jays : RHP Shalom Diender
|
Batting: LHB Troy Jones
|
0-0: Ball 1-0: Called Strike 1-1: Called Strike 1-2: Strikes out looking
|
Batting: RHB Jim O'Dwyer
|
0-0: Ground out 5-3 (Groundball, 56, EV 101.9 MPH)
|
Batting: RHB Jonathan Feldstein
|
0-0: Ground out 4-3 (Groundball, 4MS, EV 86.2 MPH)
|
Bottom of the 2nd over - 0 runs, 0 hits, 0 errors, 0 left on base; Bluefield 2 - Pulaski 0 |
TOP OF THE 3RD |
Bluefield Blue Jays batting - Pitching for Pulaski Yankees : RHP Toshikazu Miyahara
|
Batting: RHB Chad Colyer
|
0-0: Foul Ball, location: 2F 0-1: Ground out 5-3 (Groundball, 56S, EV 80.6 MPH)
|
Batting: RHB Lao-che Zhu
|
0-0: Ball 1-0: Ball 2-0: Swinging Strike 2-1: Foul Ball, location: 2F 2-2: SINGLE (Groundball, 6MD, EV 108.1 MPH)
|
Batting: RHB Brandon Williams
|
0-0: Called Strike 0-1: Fly out, F3 (Popup, 3SF, EV 75.0 MPH)
|
Batting: RHB Mike Vaughan
|
0-0: Called Strike 0-1: Ball 1-1: Ball Wild Pitch! Lao-che Zhu to second 2-1: Foul Ball, location: 2F 2-2: Ball 3-2: Strikes out swinging
|
Top of the 3rd over - 0 runs, 1 hit, 0 errors, 1 left on base; Bluefield 2 - Pulaski 0 |
BOTTOM OF THE 3RD |
Pulaski Yankees batting - Pitching for Bluefield Blue Jays : RHP Shalom Diender
|
Batting: RHB Bailey Hays
|
0-0: Called Strike 0-1: Called Strike 0-2: Ball 1-2: Foul Ball, location: 2F 1-2: Ball 2-2: Strikes out swinging
|
Batting: LHB Rip Log
|
0-0: Called Strike 0-1: Ball 1-1: Swinging Strike 1-2: Strikes out looking
|
Batting: RHB Juan Perez
|
0-0: Ball 1-0: Fly out, F4 (Popup, 34, EV 57.5 MPH)
|
Bottom of the 3rd over - 0 runs, 0 hits, 0 errors, 0 left on base; Bluefield 2 - Pulaski 0 |
TOP OF THE 4TH |
Bluefield Blue Jays batting - Pitching for Pulaski Yankees : RHP Toshikazu Miyahara
|
Batting: LHB Edwin Esparza
|
0-0: Called Strike 0-1: Called Strike 0-2: Strikes out swinging
|
Batting: RHB Mel Bohorquez
|
0-0: Swinging Strike 0-1: Ball 1-1: Ball 2-1: Foul Ball, location: 2F 2-2: Ball 3-2: Foul Ball, location: 2F 3-2: Strikes out swinging
|
Batting: RHB Cedric Nicholls
|
0-0: Ball 1-0: SOLO HOME RUN (Flyball, 7LD, EV 92.5 MPH), Distance : 341 ft
|
Batting: RHB Joy-shan Li
|
0-0: Ball 1-0: Foul Ball, location: 2F 1-1: SOLO HOME RUN (Flyball, 78XD, EV 108.8 MPH), Distance : 429 ft
|
Batting: RHB Benedikt Fleischmann
|
0-0: Foul Ball, location: 2F 0-1: Called Strike 0-2: Ball 1-2: Ball 2-2: Fly out, F7 (Flyball, 7D, EV 93.8 MPH)
|
Top of the 4th over - 2 runs, 2 hits, 0 errors, 0 left on base; Bluefield 4 - Pulaski 0 |
BOTTOM OF THE 4TH |
Pulaski Yankees batting - Pitching for Bluefield Blue Jays : RHP Shalom Diender
|
Batting: LHB Dave Ortiz
|
0-0: Ball 1-0: Fly out, F7 (Flyball, 7D, EV 105.0 MPH)
|
Batting: RHB Ken Stair
|
0-0: Fly out, F8 (Line Drive, 78M, EV 91.2 MPH)
|
Batting: RHB Paul Ngumi
|
0-0: Called Strike 0-1: Ball 1-1: Foul Ball, location: 2F 1-2: Foul Ball, location: 2F 1-2: DOUBLE (Line Drive, 89XD, EV 107.5 MPH)
|
Batting: LHB Troy Jones
|
0-0: Ball 1-0: Ground out 4-3 (Groundball, 4, EV 102.5 MPH)
|
Bottom of the 4th over - 0 runs, 1 hit, 0 errors, 1 left on base; Bluefield 4 - Pulaski 0 |
TOP OF THE 5TH |
Bluefield Blue Jays batting - Pitching for Pulaski Yankees : RHP Toshikazu Miyahara
|
Batting: RHB Chad Colyer
|
0-0: Ball 1-0: Foul Ball, location: 2F 1-1: Ball 2-1: Ball 3-1: Foul Ball, location: 2F 3-2: Foul Ball, location: 2F 3-2: SINGLE (Line Drive, 5D, EV 95.6 MPH)
|
Batting: RHB Lao-che Zhu
|
Pickoff Throw to First - Out! 1-3 CS 0-0: Fly out, F3 (Popup, 3, EV 77.5 MPH)
|
Batting: RHB Brandon Williams
|
0-0: Fly out, F8 (Flyball, 8LD, EV 104.4 MPH)
|
Top of the 5th over - 0 runs, 1 hit, 0 errors, 0 left on base; Bluefield 4 - Pulaski 0 |
BOTTOM OF THE 5TH |
Pulaski Yankees batting - Pitching for Bluefield Blue Jays : RHP Shalom Diender
|
Batting: RHB Jim O'Dwyer
|
0-0: Called Strike 0-1: Foul Ball, location: 2F 0-2: Ball 1-2: Strikes out swinging
|
Batting: RHB Jonathan Feldstein
|
0-0: Foul Ball, location: 2F 0-1: Fly out, F5 (Line Drive, 56, EV 67.5 MPH)
|
Batting: RHB Bailey Hays
|
0-0: Foul Ball, location: 2F 0-1: Swinging Strike 0-2: Ball 1-2: Strikes out swinging
|
Bottom of the 5th over - 0 runs, 0 hits, 0 errors, 0 left on base; Bluefield 4 - Pulaski 0 |
TOP OF THE 6TH |
Bluefield Blue Jays batting - Pitching for Pulaski Yankees : RHP Toshikazu Miyahara
|
Batting: RHB Mike Vaughan
|
0-0: Ball 1-0: Ball 2-0: Swinging Strike 2-1: Ball 3-1: Foul Ball, location: 2F 3-2: Strikes out swinging
|
Batting: LHB Edwin Esparza
|
0-0: Ball 1-0: Ball 2-0: Ball 3-0: Base on Balls
|
Batting: RHB Mel Bohorquez
|
0-0: Swinging Strike 0-1: Swinging Strike 0-2: Strikes out looking
|
Pitching: RHP Chris Bryant
|
|
Batting: RHB Cedric Nicholls
|
0-0: Ball 1-0: Fielders Choice at 2nd, 6-4 (Groundball, 6, EV 83.8 MPH)
|
Top of the 6th over - 0 runs, 0 hits, 0 errors, 1 left on base; Bluefield 4 - Pulaski 0 |
BOTTOM OF THE 6TH |
Pulaski Yankees batting - Pitching for Bluefield Blue Jays : RHP Shalom Diender
|
Batting: LHB Rip Log
|
0-0: Ball 1-0: Called Strike 1-1: Ball 2-1: Foul Ball, location: 2F 2-2: Strikes out swinging
|
Batting: RHB Juan Perez
|
0-0: Called Strike 0-1: Ball 1-1: Ball 2-1: Ball 3-1: Foul Ball, location: 2F 3-2: Strikes out swinging
|
Batting: LHB Dave Ortiz
|
0-0: Ball 1-0: Ball 2-0: Ball 3-0: Base on Balls
|
Batting: RHB Ken Stair
|
0-0: Called Strike 0-1: Swinging Strike 0-2: Strikes out swinging
|
Bottom of the 6th over - 0 runs, 0 hits, 0 errors, 1 left on base; Bluefield 4 - Pulaski 0 |
TOP OF THE 7TH |
Bluefield Blue Jays batting - Pitching for Pulaski Yankees : RHP Chris Bryant
|
Batting: RHB Joy-shan Li
|
0-0: Ball 1-0: Called Strike 1-1: Ball 2-1: Ball 3-1: Base on Balls
|
Batting: RHB Benedikt Fleischmann
|
0-0: Sac Bunt to 2R - play at first, batter OUT! 2-3 Joy-shan Li to second
|
Batting: RHB Chad Colyer
|
0-0: Called Strike 0-1: Fly out, F7 (Flyball, 78S, EV 90.6 MPH)
|
Batting: RHB Lao-che Zhu
|
0-0: Ball 1-0: Fly out, F7 (Flyball, 78M, EV 91.2 MPH)
|
Top of the 7th over - 0 runs, 0 hits, 0 errors, 1 left on base; Bluefield 4 - Pulaski 0 |
BOTTOM OF THE 7TH |
Pulaski Yankees batting - Pitching for Bluefield Blue Jays : RHP Shalom Diender
|
Batting: RHB Paul Ngumi
|
0-0: Ball 1-0: Ball 2-0: Ball 3-0: Base on Balls
|
Batting: LHB Troy Jones
|
0-0: Ball 1-0: Called Strike 1-1: Foul Ball, location: 2F 1-2: Strikes out swinging
|
Batting: RHB Jim O'Dwyer
|
0-0: Called Strike 0-1: Foul Ball, location: 2F 0-2: Ball 1-2: Strikes out swinging
|
Pitching: RHP Sergio Valdivia
|
|
Pinch Hitting: LHB Chris Viehman
|
0-0: Ground out U3 (Groundball, 3, EV 78.1 MPH)
|
Bottom of the 7th over - 0 runs, 0 hits, 0 errors, 1 left on base; Bluefield 4 - Pulaski 0 |
TOP OF THE 8TH |
Bluefield Blue Jays batting - Pitching for Pulaski Yankees : RHP Chris Bryant
|
Now at 2B: Chris Viehman
|
|
Now at 3B: Paul Ngumi
|
|
Batting: RHB Brandon Williams
|
0-0: Foul Ball, location: 2F 0-1: Foul Ball, location: 2F 0-2: Ball 1-2: Ground out 6-3 (Groundball, 6MD, EV 106.9 MPH)
|
Batting: RHB Mike Vaughan
|
0-0: Called Strike 0-1: Ball 1-1: Ball 2-1: Fly out, F6 (Popup, 6, EV 66.9 MPH)
|
Batting: LHB Edwin Esparza
|
0-0: Ball 1-0: Ball 2-0: Ball 3-0: Base on Balls
|
Batting: RHB Mel Bohorquez
|
0-0: Called Strike Edwin Esparza steals 2nd base 0-1: Fly out, F8 (Flyball, 8RXD, EV 91.2 MPH)
|
Top of the 8th over - 0 runs, 0 hits, 0 errors, 1 left on base; Bluefield 4 - Pulaski 0 |
BOTTOM OF THE 8TH |
Pulaski Yankees batting - Pitching for Bluefield Blue Jays : RHP Sergio Valdivia
|
Batting: RHB Bailey Hays
|
0-0: Ball 1-0: Swinging Strike 1-1: Foul Ball, location: 2F 1-2: Foul Ball, location: 2F 1-2: Strikes out swinging
|
Batting: LHB Rip Log
|
0-0: Called Strike 0-1: Ball 1-1: Swinging Strike 1-2: Ball 2-2: Strikes out swinging
|
Pinch Hitting: LHB Victor Reyna
|
0-0: Ball 1-0: Ball 2-0: Ball 3-0: Called Strike 3-1: Swinging Strike 3-2: Ground out 6-3 (Groundball, 6M, EV 88.1 MPH)
|
Bottom of the 8th over - 0 runs, 0 hits, 0 errors, 0 left on base; Bluefield 4 - Pulaski 0 |
TOP OF THE 9TH |
Bluefield Blue Jays batting - Pitching for Pulaski Yankees : RHP Chris Bryant
|
Pitching: RHP Alex Roman
|
|
Now at SS: Victor Garcia
|
|
Batting: RHB Cedric Nicholls
|
0-0: Ball 1-0: Ball 2-0: Ball 3-0: Base on Balls
|
Batting: RHB Joy-shan Li
|
0-0: Called Strike 0-1: Foul Ball, location: 2F 0-2: Ball 1-2: Strikes out swinging
|
Batting: RHB Benedikt Fleischmann
|
0-0: Foul Ball, location: 2F 0-1: Swinging Strike 0-2: Strikes out swinging
|
Batting: RHB Chad Colyer
|
0-0: Called Strike 0-1: Ground out 4-3 (Groundball, 34, EV 86.9 MPH)
|
Top of the 9th over - 0 runs, 0 hits, 0 errors, 1 left on base; Bluefield 4 - Pulaski 0 |
BOTTOM OF THE 9TH |
Pulaski Yankees batting - Pitching for Bluefield Blue Jays : RHP Sergio Valdivia
|
Batting: LHB Dave Ortiz
|
0-0: Ball 1-0: Foul Ball, location: 2F 1-1: Foul Ball, location: 2F 1-2: Ball 2-2: Ball 3-2: Base on Balls
|
Batting: RHB Ken Stair
|
0-0: Fielders Choice at 2nd, 6-4 (Groundball, 6, EV 85.6 MPH)
|
Batting: RHB Paul Ngumi
|
0-0: Called Strike 0-1: Foul Ball, location: 2F 0-2: Ball 1-2: Foul Ball, location: 2F 1-2: Ball 2-2: Grounds into double play, 6-4-3 (Groundball, 6, EV 94.4 MPH)
|
Bottom of the 9th over - 0 runs, 0 hits, 0 errors, 0 left on base; Bluefield 4 - Pulaski 0 |
|